 Dungeon Crawl Stone Soup version 0.27-a0-906-g0a00ce863d (webtiles) character file.

Game seed: 7730456009077929805

4 dolemite99 the Insei (level 1, 0/17 HPs)
             Began as a Djinni Transmuter on Apr 7, 2021.
             Killed by Freeze
             ... generated by an endoplasm
              (4 damage)
             ... on level 1 of the Dungeon.
             The game lasted 00:00:20 (164 turns).

dolemite99 the Insei (Djinni Transmuter)             Turns: 164, Time: 00:00:20

Health: 0/17       AC:  2    Str:  9    XL:     1   Next: 70%
Gold:   0          EV: 12    Int: 14    God:
                   SH:  0    Dex: 13

rFire    + + .     SeeInvis .     - Unarmed
rCold    x . .     Faith    .   (no shield)
rNeg     . . .     Spirit   .   a - +0 robe
rPois    ∞         Reflect  .   (helmet currently unavailable)
rElec    .         Harm     .   (no cloak)
rCorr    .         Rampage  .   (no gloves)
Will     .....                  (boots unavailable)
Stlth    +.........             (no amulet)
HPRegen  0.05/turn              (no ring)
MPRegen  0.00/turn              (no ring)

@: appendages (expiring), flying
A: horns 2, flying, fire resistance 2, cold vulnerability 1, float, innate
caster, hp casting, extra vitality 1
a: End Transformation


You were on level 1 of the Dungeon.
You had temporarily grown beastly horns.
You visited 1 branch of the dungeon, and saw 1 of its levels.

Inventory:

Armour
 a - a +0 robe (worn)
Potions
 b - a potion of attraction {unknown}


   Skills:
 - Level 1.0 Fighting
 - Level 2.2 Dodging
 + Level 3.3 Unarmed Combat
 - Level 1.7 Spellcasting


You couldn't memorise any spells.
You knew the following spells:

 Your Spells              Type           Power      Damage    Failure   Level
a - Beastly Appendage     Tmut           12%        N/A       12%         1
b - Wereblood             Tmut           6%         N/A       19%         2
c - Spider Form           Tmut/Pois      3%         N/A       34%         3
d - Ice Form              Ice/Tmut       6%         N/A       75%         4
e - Hydra Form            Tmut           3%         N/A       97%         5
Your spell library was empty.

Dungeon Overview and Level Annotations

Branches:
Dungeon (1/15)

Altars:


Innate Abilities, Weirdness & Mutations

You have temporarily grown beastly horns.
You are flying.
You are immune to poison.
Your flesh is very heat resistant. (rF++)
You are vulnerable to cold. (rC-)
You float through the air rather than walking.
You learn spells naturally, not from books.
Your magical power is your life essence.
You have superior vitality. (+4 HP)


Message History

A quokka comes into view.
An endoplasm comes into view.
Found a scroll labelled MAXZIMERAC.
Casting: Beastly Appendage (safe; 12% risk of failure)
Confirm with . or Enter, or press ? or * to list all spells.
You grow a pair of large bovine horns.
The endoplasm quivers.
The endoplasm freezes you.
You are frozen.
You feel a terrible chill!
You hit the endoplasm.
You headbutt the endoplasm, but do no damage.
The endoplasm is moderately wounded.
You hit the endoplasm.
You kill the endoplasm!
The endoplasm freezes you.
You are frozen.
You feel a terrible chill!
You see here 12 gold pieces.
You are too injured to fight recklessly!
You are too injured to fight recklessly!
You are too injured to fight recklessly!
You are too injured to fight recklessly!
Your transformation is almost over.
The endoplasm closely misses you.
You hit the endoplasm.
You headbutt the endoplasm, but do no damage.
The endoplasm is lightly wounded.
The endoplasm barely misses you.
You hit the endoplasm.
You headbutt the endoplasm, but do no damage.
The endoplasm is heavily wounded.
The endoplasm freezes you.
You are frozen.
You feel a terrible chill!
* * * LOW HITPOINT WARNING * * *
You barely miss the endoplasm.
The endoplasm is heavily wounded.
The endoplasm closely misses you.
You hit the endoplasm. You headbutt the endoplasm.
The endoplasm is almost dead.
The endoplasm freezes you.
You are frozen.
You feel a terrible chill!
You die...

#....P.. #. ?...♣
###. .... . #... ...#
.# #.#. #..# #.# .
#.#. #..#... ♣.
#.#.##..#.#
...######.#.@Jr...#
♣.♣.......####..###
.......#..####[#.##
♣...........###..
.......#..#.##.#..#..
...#####..#.##..#.#
..
..........#....##.# #
..######.#..#.##.##
#......#..)####


You could see an endoplasm and a quokka.

Vanquished Creatures
  An endoplasm (D:1)
  A bat (D:1)
  A frilled lizard (D:1)
  A kobold (D:1)
  2 rats (D:1)
6 creatures vanquished.

Vanquished Creatures (others)
  2 plants (D:1)
2 creatures vanquished.

Grand Total: 8 creatures vanquished

Notes
Turn   | Place    | Note
-------+----------+-------------------------------------------
     0 | D:1      | dolemite99 the Djinni Transmuter began the quest for the
                  | Orb.
     0 | D:1      | Reached XP level 1. HP: 17/17 MP: 0/0
     6 | D:1      | Noticed a snapping turtle
     6 | D:1      | Noticed an anaconda
     7 | D:1      | Noticed a wyvern
     7 | D:1      | Noticed a killer bee
   164 | D:1      | Killed from afar by an endoplasm

Illustrated notes

Levels and vault maps discovered:
D:1:      onia_arrival_zoo_common, layout_loops_cross, serial_forest,
          infiniplex_forest_clump_curved, infiniplex_forest_clump_cross,
          infiniplex_forest_straight_3, infiniplex_forest_straight_2,
          infiniplex_forest_lined_4_way, infiniplex_forest_lined_1,
          infiniplex_forest_lined_3, infiniplex_forest_lined_3,
          basic_ecumenical_altar

Action                   || total
-------------------------++-------
Melee: Unarmed           ||    17
       Headbutt          ||     5
 Cast: Beastly Appendage ||     3
Armor: Robe              ||     6
Dodge: Dodged            ||    13

Table legend: (Time is in decaauts)
 A = Elapsed time spent in this place.
 B = Non-inter-level travel time spent in this place.
 C = Inter-level travel time spent in this place.
 D = Time resting spent in this place.
 E = Time spent auto-exploring this place.
 F = Levels seen in this place.
 G = Mean time per level.
                   A        B        C        D        E       F      G
               +--------+--------+--------+--------+--------+-----+--------+
         Total |    162 |    162 |      0 |     59 |     62 |   1 |  162.0 |
       Dungeon |    162 |    162 |      0 |     59 |     62 |   1 |  162.0 |
               +--------+--------+--------+--------+--------+-----+--------+

Top non-repeatable levels by time:
     D:1: 162 daAuts
